 Dungeon Crawl Stone Soup version 0.29-a0-919-gd064cfad1c (webtiles) character file.

Game seed: 8368087393108333838

4418 IdlyInterested the Carver (level 10, -5/74 HPs)
             Began as a Demonspawn Wanderer on July 26, 2022.
             Killed from afar by Maggie (20 damage)
             ... with a bolt of fire
             ... on level 7 of the Dungeon.
             The game lasted 00:27:25 (9066 turns).

IdlyInterested the Carver (Demonspawn Wanderer)     Turns: 9066, Time: 00:27:26

Health: -5/74      AC:  7    Str:  8    XL:     10   Next: 14%
Magic:  0/17       EV: 11    Int: 17    God:
Gold:   120        SH:  0    Dex: 24    Spells: 14/18 levels left

rFire   . . .      SeeInvis .   w - +8 autumn katana {vorpal, manifold assault}
rCold   + . .      Faith    .   v - +0 tower shield
rNeg    . . .      Spirit   +   x - +0 robe {rC+}
rPois   .          Reflect  .   t - +0 helmet
rElec   .          Harm     .   d - +0 cloak
rCorr   .          Rampage  .   (no gloves)
Will    .....                   (no boots)
Stlth   +.........              (no amulet)
HPRegen 0.22/turn               I - +6 ring of dexterity
MPRegen 0.30/turn               y - ring of wizardry

@: confused
A: hooves 1, thin metallic scales 2, powered by death 1, magic shield, magic
regeneration
a: no special abilities


You were on level 7 of the Dungeon.
You visited 2 branches of the dungeon, and saw 8 of its levels.

You collected 466 gold pieces.
You spent 346 gold pieces at shops.

Inventory:

Hand Weapons
 a - a +3 falchion
 f - a +4 falchion
 i - a +0 rapier
 u - a +1 dagger of freezing
 w - the +8 autumn katana (weapon) {vorpal, manifold assault}
   (You found it on level 4 of the Dungeon)

   It sometimes launches melee attacks against multiple visible enemies.
 C - a +0 falchion of freezing
 E - a +2 long sword
 N - the +4 whip "Gaubb" {speed, rC+ Int+2 SInv}
   (You took it off a centaur on level 7 of the Dungeon)

   Attacks with this weapon are significantly faster.
   Int:       It affects your intelligence (+2).
   rC:        It protects you from cold.
   SInv:      It lets you see invisible.
Missiles
 B - 4 atropa-tipped darts
Armour
 d - a +0 cloak (worn)
 g - +0 steam dragon scales
 h - a +1 ring mail
 s - a +0 chain mail
 t - a +0 helmet (worn)
 v - a +0 tower shield (worn)
 x - a +0 robe of cold resistance (worn)
 K - a +0 buckler
Magical Staves
 n - a staff of air
Jewellery
 c - a ring of protection from fire
 k - a ring of positive energy
 y - a ring of wizardry (right hand)
 D - an amulet of faith
 H - a ring of resist corrosion
 I - a +6 ring of dexterity (left hand)
 L - a ring of positive energy
Wands
 r - a wand of roots (8)
 G - a wand of charming (6)
Scrolls
 e - 4 scrolls of teleportation
 q - a scroll of summoning
 z - a scroll of enchant armour
 J - a scroll of immolation {unknown}
 M - a scroll of acquirement {unknown}
Potions
 b - a potion of berserk rage
 j - a potion of resistance
 l - a potion of brilliance
 m - a potion of might
 o - 2 potions of cancellation {unknown}
 p - 3 potions of curing {unknown}
 A - 2 potions of ambrosia {unknown}
 F - a potion of flight {unknown}
Miscellaneous
 O - a lightning rod (4/4)


   Skills:
 - Level 5.0 Fighting
 * Level 9.5 Long Blades
 - Level 2.0 Throwing
 - Level 2.0 Armour
 - Level 4.0 Dodging
 - Level 2.0 Stealth
 * Level 3.9 Shields
 + Level 4.9 Spellcasting
 - Level 2.0 Conjurations
 - Level 2.0 Transmutations
 - Level 2.0 Air Magic
 - Level 2.0 Poison Magic
 - Level 2.0 Evocations


You had 14 spell levels left.
You knew the following spells:

 Your Spells              Type           Power      Damage    Failure   Level
a - Sting                 Tmut/Pois      44%        1d5       30%         1
b - Mephitic Cloud        Conj/Pois/Air  11%        N/A       65%         3

Your spell library contained the following spells:

 Spells                   Type           Power      Damage    Failure   Level


Dungeon Overview and Level Annotations

Branches:
Dungeon (7/15)             Temple (1/1) D:4

Altars:
Ashenzari
Cheibriados
Dithmenos
Gozag
Hepliaklqana
Kikubaaqudgha
Makhleb
Nemelex Xobeh
Okawaru
Sif Muna
Trog
Vehumet
Wu Jian
Yredelemnul

Shops:
D:6 *?(*   D:7 [

Annotations:
D:7 Maggie


Innate Abilities, Weirdness & Mutations

You have large cloven feet.
You are mostly covered in thin metallic scales. (AC +3)
You regenerate a little health from kills.
When hurt, damage is shared between your health and your magic reserves.
You regenerate magic rapidly.


Message History

You block the orc wizard's attack.
You closely miss Maggie. You block the orc's attack.
You block the orc priest's attack.
The orc wizard hits you but does no damage.
Maggie closely misses you.
You barely miss Maggie. You block the orc's attack.
You block the orc priest's attack. The orc wizard closely misses you.
Maggie hits you with a +0 broad axe!
You slash the orc priest!
You kill the orc priest!
You block the orc wizard's attack. The orc hits you but does no damage.
The orc priest hits you with a +0 hand axe.
Maggie hits you with a +0 broad axe!
You slash the orc priest!
You kill the orc priest!
You block the orc wizard's attack. Maggie closely misses you.
You block the orc's attack.
You slash Maggie! You kick Maggie, but do no damage.
Maggie is lightly wounded.
The orc wizard points at you and mumbles some strange words.
You are confused.
The orc hits you with a +0 mace. Maggie closely misses you.
You hit the orc wizard. You kick the orc wizard.
The orc wizard is severely wounded.
The orc wizard casts a spell.
The orc wizard flickers and vanishes!
Deactivating autopickup; reactivate with Ctrl-A.
The orc barely misses you. Maggie gestures at you while chanting.
The bolt of fire hits you!! Something hits you but does no damage.
Maggie hits you with a +0 broad axe!
* * * LOW HITPOINT WARNING * * *
You slash Maggie! You kick Maggie, but do no damage.
Maggie is moderately wounded.
You hear some strange, mumbled words.
Something tries to affect you, but you resist.
The orc barely misses you. Maggie gestures at you while chanting.
The bolt of fire hits you!!
You die...

###### ###....###
### ##........###
...##............
#..................
#.......).)....#..#
#........o{...#...#
.#.....@@###...#
#....#####....#
####..###....#
###.#.....#
##.....# ##.<..#
##..##
#..############
##.............


You could see Maggie and an orc.

Vanquished Creatures
  A cyclops (D:7)
  Prince Ribbit (D:6)
  A vampire (D:7)
  A wyvern (D:7)
  A steam dragon (D:7)
  A vampire mosquito (D:7)
  Duvessa (D:5)
  2 sky beasts (D:7)
  3 black bears
  4 ice beasts
  2 ogres
  4 centaurs (D:7)
  A phantom (D:7)
  2 necrophages (D:5)
  4 bullfrogs (D:7)
  3 scorpions
  7 wights (D:7)
  Dowan (D:5)
  A howler monkey (D:7)
  6 jellies
  A gnoll bouda (D:7)
  4 orc priests
  2 hounds
  An iguana (D:7)
  5 orc wizards
  Robin (D:3)
  5 gnolls (D:7)
  6 adders
  2 shadow imps (D:6)
  2 white imps
  An ufetubus (D:5)
  2 worms (D:2)
  2 dart slugs
  16 orcs
  8 ball pythons
  2 bats
  7 endoplasms
  5 giant cockroaches
  17 goblins
  11 hobgoblins
  2 jackals (D:2)
  16 kobolds
  7 quokkas
  A frilled lizard (D:3)
  5 rats
178 creatures vanquished.

Vanquished Creatures (others)
  An orc priest (D:7)
  An orc (D:7)
  10 fungi
  46 plants
  3 toadstools (D:1)
61 creatures vanquished.

Grand Total: 239 creatures vanquished

Notes
Turn   | Place    | Note
-------+----------+-------------------------------------------
     0 | D:1      | IdlyInterested the Demonspawn Wanderer began the quest for
                  | the Orb.
     0 | D:1      | IdlyInterested set off with the following items: a +3
                  | falchion, a potion of berserk rage, a +0 robe; and the
                  | following spell memorised: Sting; and the following spells
                  | available to memorise: Mephitic Cloud.
     0 | D:1      | Reached XP level 1. HP: 18/18 MP: 2/2
   408 | D:1      | Reached skill level 1 in Dodging
   408 | D:1      | Gained mutation: You are partially covered in thin metallic
                  | scales. (AC +2) [demonic ancestry]
   408 | D:1      | Reached XP level 2. HP: 22/24 MP: 3/3
  1026 | D:2      | Reached XP level 3. HP: 29/29 MP: 5/5
  1454 | D:2      | Reached skill level 4 in Long Blades
  1531 | D:2      | Found a faded altar of an unknown god.
  1573 | D:2      | Found a burning altar of Makhleb.
  1721 | D:2      | Gained mutation: You have large cloven feet. [demonic
                  | ancestry]
  1721 | D:2      | Reached XP level 4. HP: 35/35 MP: 6/6
  2757 | D:3      | Noticed Robin
  2778 | D:3      | Killed Robin
  3144 | D:3      | Found a shadowy altar of Dithmenos.
  3419 | D:3      | Reached XP level 5. HP: 41/41 MP: 8/8
  3551 | D:3      | Learned a level 3 spell: Mephitic Cloud
  4217 | D:4      | Found the +8 autumn katana {vorpal, manifold assault}
  4248 | D:4      | Found a staircase to the Ecumenical Temple.
  4268 | Temple   | Entered the Ecumenical Temple
  4524 | D:4      | Gained mutation: You regenerate magic rapidly. [demonic
                  | ancestry]
  4524 | D:4      | Reached XP level 6. HP: 47/47 MP: 8/10
  5128 | D:5      | Entered Level 5 of the Dungeon
  5393 | D:5      | Reached skill level 5 in Long Blades
  5512 | D:5      | Reached skill level 1 in Armour
  5594 | D:5      | Found an ornate altar of the Wu Jian Council.
  5633 | D:5      | Gained mutation: You are mostly covered in thin metallic
                  | scales. (AC +3) [demonic ancestry]
  5633 | D:5      | Reached XP level 7. HP: 51/52 MP: 11/11
  5819 | D:5      | Noticed Duvessa
  5820 | D:5      | Noticed Dowan
  5829 | D:5      | Killed Duvessa
  5830 | D:5      | Reached skill level 1 in Shields
  5838 | D:5      | Killed Dowan
  6145 | D:5      | Reached skill level 6 in Long Blades
  6310 | D:5      | Reached skill level 1 in Stealth
  6592 | D:6      | Found Gogad's Weapon Boutique.
  6620 | D:6      | Found Irosuc's Assorted Antiques.
  6628 | D:6      | Bought a scroll labelled JUOJIH BUORU for 27 gold pieces
  6628 | D:6      | Bought an amethyst potion for 24 gold pieces
  6674 | D:6      | Gained mutation: You regenerate a little health from kills.
                  | [demonic ancestry]
  6674 | D:6      | Reached XP level 8. HP: 59/60 MP: 12/12
  6723 | D:6      | Found Moridagh's Magic Scroll Emporium.
  6799 | D:6      | Noticed Prince Ribbit
  6830 | D:6      | Killed Prince Ribbit
  6831 | D:6      | Reached skill level 1 in Conjurations
  7021 | D:6      | Found Elutt's Assorted Antiques.
  7024 | D:6      | Bought a scroll labelled EFEFICSEPSO for 25 gold pieces
  7192 | D:6      | Reached skill level 7 in Long Blades
  7336 | D:6      | Reached skill level 1 in Transmutations
  7621 | D:6      | Bought a wooden ring for 135 gold pieces
  7621 | D:6      | Bought a glowing wooden ring for 135 gold pieces
  7775 | D:7      | Reached skill level 1 in Air Magic
  7787 | D:7      | Reached XP level 9. HP: 45/66 MP: 15/15
  7799 | D:7      | Found Ejiuber's Armour Shoppe.
  7839 | D:7      | Reached skill level 8 in Long Blades
  7854 | D:7      | Noticed a green ugly thing
  7855 | D:7      | Noticed a komodo dragon
  8289 | D:7      | Reached skill level 1 in Evocations
  8370 | D:7      | Reached skill level 5 in Fighting
  8466 | D:7      | Identified the +4 whip "Gaubb" {speed, rC+ Int+2 SInv}
  8470 | D:7      | Reached skill level 1 in Throwing
  8598 | D:7      | Reached skill level 9 in Long Blades
  8727 | D:7      | Noticed a cyclops
  8963 | D:7      | Gained mutation: When hurt, damage is shared between your
                  | health and your magic reserves. [demonic ancestry]
  8963 | D:7      | Reached XP level 10. HP: 74/74 MP: 17/17
  9039 | D:7      | Killed a cyclops
  9055 | D:7      | Noticed Maggie
  9066 | D:7      | Killed from afar by Maggie

Illustrated notes

Levels and vault maps discovered:
D:1:      lordsloth_arrival_two_stooges, layout_basic, st_stairs_9,
          minmay_gold_behind_fungi, nicolae_wormholes
D:2:      minmay_thinvault, layout_basic,
          shapermc_ecumenical_altar_mp_urbaneastern, basic_altar,
          minmay_misc_feat_tiny, st_stairs_11, minmay_hexomino_f4
D:3:      layout_basic, nicolae_dithmenos_through_a_glass_darkly, uniq_robin
D:4:      layout_basic, temple_doors_e, serial_corexii_hall,
          corexii_hall_statues_i, corexii_hall_statues_deadend,
          corexii_hall_statues_x, chequers_hall_statues_corner_a,
          corexii_hall_statues_i, corexii_hall_statues_x
D:5:      layout_basic, mainiacjoe_overflow_alcove_1, uniq_duvessa
D:6:      layout_basic, serial_shops, kennysheep_mini_moat, shop, shop,
          nicolae_shop_crystal, uniq_prince_ribbit1
D:7:      nzn_winding_woodlands_cross
          [nzn_winding_woodlands_5x15_pathside_ponds,
          nzn_winding_woodlands_5x15_concentric,
          nzn_winding_woodlands_5x15_sidewinder,
          nzn_winding_woodlands_5x15_river_crossing,
          nzn_winding_woodlands_15x15_five_gardens], layout_cave_pods,
          serial_shops, shop, minmay_crystal_water, lightli_corner_chamber,
          uniq_maggie
Temple:   eino_temple_lava

Skill      XL: |  1  2  3  4  5  6  7  8  9 |
---------------+----------------------------+-----
Dodging        | 1 2 3 4 |  4.0
Long Blades    | 4 5 6 7 9 |  9.5
Spellcasting   | 2 3 4 |  4.9
Armour         | 1 2 |  2.0
Shields        | 2 3 |  3.9
Fighting       | 4 5 |  5.0
Stealth        | 1 2 |  2.0
Conjurations   | 2 |  2.0
Transmutations | 2 |  2.0
Air Magic      | 1 2 |  2.0
Evocations     | 2 |  2.0
Throwing       | 2 |  2.0
Poison Magic   | |  2.0

Action                   |  1- 3 |  4- 6 |  7- 9 | 10-12 || total
-------------------------+-------+-------+-------+-------++-------
Melee: Falchion          |    95 |   123 |       |       ||   218
       Punch             |     1 |       |       |       ||     1
       Kick              |       |    32 |    39 |     5 ||    76
       Katana            |       |    45 |   213 |    16 ||   274
 Cast: Sting             |     3 |     1 |     4 |       ||     8
  Use: Scroll            |     6 |     5 |     4 |       ||    15
       Potion            |       |     1 |     1 |       ||     2
 Stab: Sleeping          |       |       |     2 |       ||     2
Armor: Robe              |    16 |    11 |    44 |     4 ||    75
       Ring mail         |    23 |    63 |       |       ||    86
Dodge: Dodged            |    41 |    60 |    63 |     8 ||   172
Block: Tower shield      |       |    20 |   149 |    11 ||   180

Table legend: (Time is in decaauts)
 A = Elapsed time spent in this place.
 B = Non-inter-level travel time spent in this place.
 C = Inter-level travel time spent in this place.
 D = Time resting spent in this place.
 E = Time spent auto-exploring this place.
 F = Levels seen in this place.
 G = Mean time per level.
                   A        B        C        D        E       F      G
               +--------+--------+--------+--------+--------+-----+--------+
         Total |   9152 |   8233 |    919 |   1793 |   4665 |   8 | 1144.0 |
       Dungeon |   9085 |   8175 |    910 |   1793 |   4616 |   7 | 1297.9 |
        Temple |     66 |     57 |      9 |      0 |     49 |   1 |   66.0 |
               +--------+--------+--------+--------+--------+-----+--------+

Top non-repeatable levels by time:
     D:2: 1528 daAuts
     D:4: 1516 daAuts
     D:7: 1351 daAuts
     D:5: 1316 daAuts
     D:6: 1183 daAuts
     D:1: 1110 daAuts
     D:3: 1080 daAuts
  Temple: 66 daAuts
